AoeStats
← ToMasa Marinero

Arena

508051404Analyzed
4v4 RM · 12d ago on Sep 20, 2026· 49m 45s· 8 players
Game mode
Random Map
Map size
Large (8 player)
Population
200
Speed
Normal
Resources
Standard
Victory
Conquest
Starting age
Dark Age
Ending age
Imperial Age
RankedLock teamsTeams togetherTeam positionsShared explorationLock speedFull tech treeHidden civsTurbo modeCheats
Victory
Defeat
🇨🇱 Huns · Chile
1372
+16
🇨🇿 Lithuanians · Czechia
1356
+16
🇨🇱 Slavs · Chile
1315
+18
🇳🇱 Ethiopians · Netherlands
1306
+18
🇦🇷 Portuguese · Argentina
1522
-23
🇵🇪 Italians · Peru
1361
-17
🇨🇴 Teutons · Colombia
1302
-15
🇨🇴 Persians · Colombia
1269
-13
Pipenho
9:57 Feudal Age
14:16 Castle Age
12:26 Horse Collar
13:06 Double-Bit Axe
15:10 Bow Saw
22:22 Gold Mining
24:06 Wheelbarrow
23:46 Scale Barding Armor
24:57 Gold Shaft Mining
24:45 Bloodlines
26:28 Forging
28:02 Hand Cart
27:33 Loom
28:48 Chain Barding Armor
29:34 Iron Casting
29:25 Husbandry
31:26 Detinets
34:03 Imperial Age
34:00 Heavy Plow
33:56 Stone Mining
35:35 Plate Barding Armor
35:20 Elite Boyar
37:02 Blast Furnace
35:49 Onager
37:13 Conscription
37:45 Capped Ram
39:37 Siege Ram
42:12 Scale Mail Armor
42:22 Squires
41:42 Man-at-Arms
42:46 Druzhina
44:30 Chain Mail Armor
43:37 Long Swordsman
45:50 Two-Man Saw
45:01 Two-Handed Swordsman
46:37 Hoardings
46:45 Plate Mail Armor
48:25 Champion
Rakosnik
10:13 Feudal Age
14:31 Castle Age
13:09 Double-Bit Axe
13:07 Horse Collar
16:01 Bow Saw
23:46 Scale Barding Armor
24:51 Forging
25:09 Bloodlines
25:08 Loom
25:30 Heavy Plow
26:32 Wheelbarrow
25:45 Town Watch
27:31 Chain Barding Armor
29:15 Hand Cart
31:44 Imperial Age
30:36 Husbandry
31:14 Iron Casting
31:09 Gold Mining
31:03 Elite Skirmisher
33:32 Chemistry
33:09 Plate Barding Armor
31:55 Cavalier
32:45 Fletching
34:17 Bodkin Arrow
35:01 Ballistics
35:43 Bracer
38:06 Paladin
39:26 Padded Archer Armor
39:59 Crop Rotation
43:01 Caravan
44:53 Masonry
44:25 Treadmill Crane
46:13 Thumb Ring
47:12 Tower Shields
50:32 Leather Archer Armor
[L_Clan]~Connotado~
10:06 Feudal Age
11:37 Double-Bit Axe
14:10 Horse Collar
19:09 Loom
20:43 Scale Barding Armor
23:42 Castle Age
22:00 Scale Barding Armor
22:57 Forging
24:25 Bloodlines
23:54 Light Cavalry
24:35 Husbandry
24:58 Chain Barding Armor
26:13 Wheelbarrow
26:31 Fletching
29:44 Bow Saw
29:40 Heavy Plow
33:19 Iron Casting
33:10 Hand Cart
34:41 Bodkin Arrow
39:08 Gold Mining
39:10 Stone Mining
42:30 Imperial Age
43:33 Gold Shaft Mining
43:50 Parthian Tactics
42:46 Heavy Cavalry Archer
43:37 Bracer
43:38 Padded Archer Armor
44:00 Ballistics
44:40 Chemistry
45:06 Two-Man Saw
43:51 Hussar
44:59 Thumb Ring
45:18 Leather Archer Armor
47:15 Plate Barding Armor
47:36 Masonry
48:16 Town Watch
RogerV
9:43 Feudal Age
13:45 Castle Age
13:06 Double-Bit Axe
14:27 Loom
20:16 Horse Collar
24:15 Bow Saw
33:40 Wheelbarrow
37:30 Imperial Age
40:01 Hand Cart
41:36 Ballistics
42:19 Chemistry
41:28 Squires
42:52 Crossbowman
43:38 Thumb Ring
44:33 Fletching
44:45 Padded Archer Armor
45:34 Gold Mining
45:32 Arbalester
46:42 Bodkin Arrow
47:12 Ballistics
46:58 Siege Engineers
46:53 Elite Skirmisher
48:29 Leather Archer Armor
48:21 Bracer
LeenP
5:10 Loom
11:08 Feudal Age
14:57 Castle Age
13:16 Scale Barding Armor
13:10 Double-Bit Axe
13:47 Gold Mining
14:40 Forging
14:30 Horse Collar
17:48 Bloodlines
18:55 Scale Barding Armor
22:45 Chain Barding Armor
24:01 Bow Saw
26:38 Iron Casting
27:53 Wheelbarrow
40:27 Imperial Age
42:31 Blast Furnace
41:42 Heavy Camel Rider
43:26 Husbandry
44:19 Plate Barding Armor
45:11 Heavy Plow
44:58 Town Watch
ToMasa Marinero
8:51 Loom
12:50 Feudal Age
14:02 Double-Bit Axe
18:47 Castle Age
17:43 Horse Collar
17:59 Gold Mining
18:20 Scale Barding Armor
19:46 Bloodlines
27:26 Chain Barding Armor
29:12 Forging
35:28 Wheelbarrow
41:10 Imperial Age
44:51 Hand Cart
46:14 Plate Barding Armor
48:40 Iron Casting
48:05 Cavalier
XEVER | Dylan
10:59 Feudal Age
12:07 Double-Bit Axe
12:26 Loom
15:11 Castle Age
16:58 Horse Collar
23:18 Bow Saw
23:12 Town Watch
24:20 Gold Mining
24:26 Stone Mining
31:35 Imperial Age
29:18 Heavy Plow
30:03 Wheelbarrow
32:35 Hand Cart
32:44 Conscription
32:31 Arquebus
33:44 Chemistry
34:51 Elite Organ Gun
36:20 Scale Mail Armor
36:30 Forging
36:23 Padded Archer Armor
36:13 Fletching
37:22 Chain Mail Armor
37:06 Pikeman
38:03 Chain Mail Armor
37:46 Halberdier
39:21 Plate Mail Armor
40:18 Iron Casting
39:56 Siege Engineers
43:37 Blast Furnace
Meowth
6:02 Loom
8:24 Feudal Age
10:06 Fletching
17:35 Double-Bit Axe
17:30 Horse Collar
23:34 Castle Age
23:11 Stone Mining
23:37 Gold Mining
24:32 Bodkin Arrow
26:15 Bow Saw
34:40 Imperial Age
33:15 Padded Archer Armor
33:51 Stone Shaft Mining
35:59 Ballistics
35:40 Bracer
37:20 Leather Archer Armor
39:19 Chemistry
39:34 Ring Archer Armor
40:04 Two-Man Saw
41:37 Wheelbarrow
41:07 Heavy Plow
41:22 Masonry
41:38 Elite Genoese Crossbowman
42:59 Conscription
43:42 Crop Rotation
46:16 Thumb Ring
Connection lost

Rejoining the realm…

Still unreachable

The connection could not be restored.

Session expired

The server has moved on; the page needs a fresh start.